 Dungeon Crawl Stone Soup version 0.31.0-12-g77e489cdc1 (webtiles) character file.

Game seed: 9009479925803354361

32 Marvel the Trooper (level 3, -8/33 HPs)
             Began as a Hill Orc Fighter on Feb 14, 2024.
             Mangled by Crazy Yiuf
             ... wielding a +3 quarterstaff of chaos
              (9 damage)
             ... on level 2 of the Dungeon.
             The game lasted 00:00:48 (1005 turns).

Marvel the Trooper (Hill Orc Fighter)               Turns: 1005, Time: 00:00:49

Health: -8/33      AC:  7    Str: 20    XL:     3   Next: 25%
Magic:  3/3        EV:  9    Int:  8    God:
Gold:   115        SH:  4    Dex: 10    Spells: 2/2 levels left

rFire   . . .        a - +0 war axe
rCold   . . .        c - +0 buckler
rNeg    . . .        b - +0 scale mail
rPois   .            (no helmet)
rElec   .            (no cloak)
rCorr   .            (no gloves)
SInv    .            (no boots)
Will    .....        (no amulet) Stlth
                     (no ring)
HPRegen 0.25/turn    (no ring)
MPRegen 0.08/turn

%: no passive effects
@: slowed, very slow
A: no striking features
a: no special abilities


You were on level 2 of the Dungeon.
You visited 1 branch of the dungeon, and saw 2 of its levels.

You collected 115 gold pieces.

Inventory:

Hand Weapons
 a - a +0 war axe (weapon)
Missiles
 g - 5 poisoned darts (quivered)
Armour
 b - a +0 scale mail (worn)
 c - a +0 buckler (worn)
Scrolls
 e - 2 scrolls of teleportation {unknown}
 f - 2 scrolls of identify {unknown}
Potions
 d - 2 potions of might
 h - a potion of curing {unknown}
 i - a potion of heal wounds {unknown}


   Skills:
 + Level 3.9 Fighting
 + Level 3.5 Axes
 + Level 3.7 Armour
 + Level 3.6 Shields


You had 2 spell levels left.
You didn't know any spells.
Your spell library was empty.

Dungeon Overview and Level Annotations

Branches:
Dungeon (2/15)

Altars:
Xom

Annotations:
D:2 Crazy Yiuf


Message History

The endoplasm freezes you.
You are frozen.
You slash the endoplasm!
You kill the endoplasm!
No target in view!
Found a runed translucent door.
No target in view!
No target in view!
Crazy Yiuf shouts!
Crazy Yiuf screams, "Hah!"
You open the door.
Crazy Yiuf grits, "Sif Muna meccalolo pontify!"
You hit Crazy Yiuf.
Crazy Yiuf is lightly wounded.
Crazy Yiuf barely misses you.
You closely miss Crazy Yiuf.
Crazy Yiuf is lightly wounded.
Crazy Yiuf hits you with a +3 quarterstaff of chaos.
Crazy Yiuf burns you.
You hit Crazy Yiuf but do no damage.
Crazy Yiuf is lightly wounded.
You block Crazy Yiuf's attack.
Crazy Yiuf hits you with a +3 quarterstaff of chaos.
Crazy Yiuf draws strength from your wounds!
You barely miss Crazy Yiuf. Crazy Yiuf closely misses you.
You slash Crazy Yiuf!
Crazy Yiuf is heavily wounded.
Crazy Yiuf completely misses you.
You hit Crazy Yiuf.
Crazy Yiuf is severely wounded.
Crazy Yiuf hits you with a +3 quarterstaff of chaos!
You feel yourself slow down.
Crazy Yiuf hits you with a +3 quarterstaff of chaos!
* * * LOW HITPOINT WARNING * * *
You closely miss Crazy Yiuf.
Crazy Yiuf is severely wounded.
Crazy Yiuf hits you with a +3 quarterstaff of chaos.
* * * LOW HITPOINT WARNING * * *
You are electrocuted!
You die...

##........#.....# #......#
#..........###)#####..†..##
#............#........##.#
#.......################.#
.........# #.## ..#......#
♣♣♣♣♣##..# ...#...## ###
♣♣♣.♣....#.# ##.####
#...#♣..♣.P.....#
#...g@♣♣♣♣P.....# #)..#♣♣
♣♣....## ### ♣♣####


You could see Crazy Yiuf.

Vanquished Creatures
  A dart slug (D:1)
  An orc (D:2)
  3 endoplasms
  2 giant cockroaches (D:1)
  3 goblins (D:1)
  A hobgoblin (D:1)
  2 jackals (D:2)
  A quokka (D:1)
  2 ball pythons
  3 bats
  4 frilled lizards (D:1)
  3 kobolds
  A rat (D:2)
27 creatures vanquished.

Notes
Turn   | Place    | Note
-------+----------+-------------------------------------------
     0 | D:1      | Marvel the Hill Orc Fighter began the quest for the Orb.
     0 | D:1      | Reached XP level 1. HP: 19/19 MP: 1/1
   258 | D:1      | Reached XP level 2. HP: 27/27 MP: 2/2
   901 | D:2      | Reached XP level 3. HP: 33/33 MP: 3/3
   969 | D:2      | Found a shimmering altar of Xom.
   994 | D:2      | Found a runed translucent door.
   995 | D:2      | Noticed Crazy Yiuf
  1005 | D:2      | HP: 1/33 [Crazy Yiuf/+3 quarterstaff of chaos (6)]
  1005 | D:2      | Mangled by Crazy Yiuf

Illustrated notes

Levels and vault maps discovered:
D:1:      dpeg_arrival_three_smaller_balls, layout_loops_ring
D:2:      layout_loops_cross, serial_rivers, chequers_serial_rivers_micro_e,
          chequers_serial_rivers_micro_b, chequers_serial_rivers_small_3,
          chequers_serial_rivers_micro_d, chequers_serial_rivers_micro_d,
          chequers_serial_rivers_marsh, basic_altar, uniq_crazy_yiuf_cottage

Skill      XL: |  1 |
---------------+----+-----
Axes           | 3 |  3.5
Fighting       | |  3.9
Armour         | |  3.7
Shields        | |  3.6

Action                     || total
---------------------------++-------
  Melee: War axe           ||    77
 Armour: Scale mail        ||    45
  Dodge: Dodged            ||    32
  Block: Buckler           ||    16
